 Dungeon Crawl Stone Soup version 0.26-a0-639-g72c4674329 (webtiles) character file.

Game seed: 10026956438432541444

96 Flugslaktarn the Skirmisher (level 4, -3/41 HPs)
             Began as a Minotaur Fighter on Sept 23, 2020.
             Slain by a wight
             ... wielding a cursed +2 great sword
              (11 damage)
             ... on level 3 of the Dungeon.
             The game lasted 00:00:20 (788 turns).

Flugslaktarn the Skirmisher (Minotaur Fighter)       Turns: 788, Time: 00:00:20

Health: -3/41      AC:  6    Str: 21    XL:     4   Next: 41%
Magic:  3/3        EV:  7    Int:  6    God:
Gold:   32         SH:  9    Dex:  9    Spells: 3/3 levels left

rFire    . . .     SeeInvis .   a - +0 war axe
rCold    . . .     Faith    .   c - +0 kite shield
rNeg     . . .     Spirit   .   b - +0 scale mail
rPois    .         Reflect  .   (helmet restricted)
rElec    .         Harm     .   (no cloak)
rCorr    .         Rampage  .   (no gloves)
MR       .....                  (no boots)
Stlth    ..........             (no amulet)
HPRegen  0.13/turn              (no ring)
MPRegen  0.08/turn              (no ring)

@: drained
A: retaliatory headbutt, horns 2
a: no special abilities


You were on level 3 of the Dungeon.
You visited 1 branch of the dungeon, and saw 4 of its levels.

You collected 32 gold pieces.

Inventory:

Hand Weapons
 a - a +0 war axe (weapon)
Armour
 b - a +0 scale mail (worn)
 c - a +0 kite shield (worn)
Scrolls
 g - a scroll of fog {unknown}
 h - 3 scrolls of remove curse {unknown}
 i - a scroll of teleportation {unknown}
Potions
 d - a potion of might
 e - a potion of degeneration {unknown}
 f - 2 potions of haste {unknown}


   Skills:
 * Level 4.7(4.0) Fighting
 * Level 3.8(3.1) Axes
 + Level 4.2(3.5) Armour
 + Level 4.2(3.5) Shields


You had 3 spell levels left.
You didn't know any spells.
Your spell library was empty.

Dungeon Overview and Level Annotations

Branches:
Dungeon (4/15)
 Temple: D:4-7

Altars:


Innate Abilities, Weirdness & Mutations

You reflexively headbutt those who attack you in melee.
You have a pair of horns on your head.


Message History

The wight hits you but does no damage. The wight barely misses you.
You completely miss the wight. You headbutt the wight.
The wight is heavily damaged.
The wight hits you with a +0 halberd!
You feel drained.
The wight hits you from afar with a cursed +0 halberd!
You feel drained.
You are too injured to fight recklessly!
You are too injured to fight recklessly!
You are too injured to fight recklessly!
You are too injured to fight recklessly!
The wight hits you with a +0 halberd.
* * * LOW HITPOINT WARNING * * *
You block the wight's attack.
There is a stone staircase leading up here.
You block the wight's attack.
You climb upwards.
There is a stone staircase leading down here.
You closely miss the wight.
The wight hits you with a cursed +2 great sword!
You die...

##. ...# #......#### ...
... #......# ### ..###.#
#...#+#### #.# ......#
#........# ###.# ......#
###......# #...# ......#
#......# #####.#
......#### ##.....#
#.....##### )......(.#
#..######.###.....#
..###.##.#
#.@z.........####.# ..#
####.##############.##.#
#.# ### #.......#
#.##.####.# #######.#
#.##......# #.#
#.##.###### #.# #.##.#
#†# #.##.#
#.########.##.#
#..........##.#


You could see a wight.

Vanquished Creatures
  An orc priest (D:3)
  Jessica (D:2)
  An iguana (D:4)
  3 orcs (D:3)
  2 bats (D:3)
  2 giant cockroaches
  A hobgoblin (D:2)
  A frilled lizard (D:3)
  3 kobolds
  A rat (D:3)
16 creatures vanquished.

Notes
Turn   | Place    | Note
-------+----------+-------------------------------------------
     0 | D:1      | Flugslaktarn the Minotaur Fighter began the quest for the
                  | Orb.
     0 | D:1      | Reached XP level 1. HP: 19/19 MP: 0/0
   154 | D:3      | Noticed an orc priest
   364 | D:3      | Noticed Jessica
   375 | D:2      | Killed Jessica
   375 | D:2      | Reached XP level 2. HP: 8/27 MP: 1/1
   375 | D:2      | Reached XP level 3. HP: 9/33 MP: 2/2
   596 | D:3      | Reached XP level 4. HP: 41/41 MP: 3/3
   788 | D:3      | Slain by a wight

Illustrated notes

Levels and vault maps discovered:
D:1:      beargit_arrival_greenhouse, layout_basic,
          chequers_serial_rivers_micro_a, hangedman_glass_teeth
D:2:      layout_rooms, nicolae_overflow_crystal_walls,
          grunt_temple_overflow_open
D:3:      layout_basic, uniq_jessica
D:4:      layout_basic, serial_shops, shop, nemelex_lonely_heart_becter,
          uniq_blork_the_orc

Skill      XL: |  1  2  3 |
---------------+----------+-----
Fighting       | 4 |  4.7
Axes           | 3 |  3.8
Armour         | 4 |  4.2
Shields        | 4 |  4.2

Action                   |  1- 3 |  4- 6 || total
-------------------------+-------+-------++-------
Melee: War axe           |    22 |    20 ||    42
       Headbutt          |     3 |     6 ||     9
Armor: Scale mail        |     7 |    12 ||    19
Dodge: Dodged            |     6 |    10 ||    16
Block: Kite shield       |    12 |    15 ||    27

Table legend: (Time is in decaauts)
 A = Elapsed time spent in this place.
 B = Non-inter-level travel time spent in this place.
 C = Inter-level travel time spent in this place.
 D = Time resting spent in this place.
 E = Time spent auto-exploring this place.
 F = Levels seen in this place.
 G = Mean time per level.
                   A        B        C        D        E       F      G
               +--------+--------+--------+--------+--------+-----+--------+
         Total |    806 |    741 |     65 |    413 |    205 |   4 |  201.5 |
       Dungeon |    806 |    741 |     65 |    413 |    205 |   4 |  201.5 |
               +--------+--------+--------+--------+--------+-----+--------+

Top non-repeatable levels by time:
     D:2: 526 daAuts
     D:3: 202 daAuts
     D:1: 49 daAuts
     D:4: 27 daAuts
